Map: Proxima Station LE

Players

McMonroe - Winner!

  • Race: Zerg Zerg
  • Spawn Location: 1:00

Cuddlebear

  • Race: Terran Terran
  • Spawn Location: 7:00

Event: WCS Austin 2017

VOD

Have the link to the VOD?

Description

Time

  • Played on: April 28, 2017, 2:52 p.m.
  • Length: 14:38

All games in this series

Show
View Real Time Build Order
Export as new Build Order

McMonroe Zerg - Winner!

Build Orders: Hatch First, Muta Ling Bane 

Get SALT Encoding   

  12  0:00  Drone  
  13  0:07  Drone  
  14  0:16  Overlord  
  14  0:21  Extractor  
  14  0:23  Drone  
  15  0:36  Drone x2  
  17  0:54  Hatchery  
  16  0:58  Drone  
  16  1:01  Drone  
  18  1:17  Spawning Pool  
  17  1:19  Drone  
  18  1:26  Drone  
  18  1:43  Drone  
  19  2:04  Queen  
  19  2:05  Queen, Zergling x2  
  24  2:09  Zergling x4, Spine Crawler  
  24  2:12  Spine Crawler  
  24  2:14  Overlord  
  24  2:19  Drone  
  24  2:21  Drone  
  26  2:30  Drone x2  
  28  2:40  Queen  
  29  2:52  Drone x4  
  33  3:02  Queen  
  33  3:05  Overlord  
  35  3:20  Hatchery  
  35  3:22  Drone x2  
  35  3:23  Drone  
  37  3:27  Drone  
  38  3:41  Overlord  
  38  3:46  Drone x5  
  43  3:52  Spine Crawler  
  43  3:53  Extractor  
  43  3:54  Queen, Extractor  
  42  3:59  Queen  
  44  4:07  Drone x3  
  47  4:13  Overlord  
  47  4:14  Drone x2  
  49  4:19  Drone  
  50  4:25  Drone x2, Overlord  
  52  4:33  Overlord  
  52  4:35  Drone x3  
  55  4:39  Queen  
  57  4:52  Metabolic Boost  
  57  4:55  Drone x5  
  57  4:59  Drone  
  63  5:09  Evolution Chamber x2  
  63  5:10  Overlord  
  63  5:13  Drone x7  
  68  5:27  Drone x5  
  73  5:32  Drone  
  73  5:35  Zerg Ground Armor Level 1, Zerg Melee Weapons Level 1  
  74  5:39  Drone x5  
  74  5:41  Extractor  
  78  5:43  Extractor  
  78  5:47  Baneling Nest  
  78  5:49  Zergling x10  
  81  5:53  Zergling x8  
  85  6:00  Overlord  
  85  6:06  Lair  
  85  6:07  Overlord x2  
  85  6:08  Zergling x8  
  89  6:16  Zergling x2  
  90  6:19  Overlord x2  
  88  6:27  Zergling x4  
  88  6:31  Extractor  
  88  6:32  Extractor  
  88  6:34  Drone x6  
  88  6:35  Hatchery  
  88  6:36  Drone x5  
  98  6:45  Drone x2  
  100  6:48  Zergling x4  
  101  6:54  Zergling x2  
  101  6:59  Zergling x4  
  102  7:04  Zergling x2  
  102  7:05  Zergling x10  
  104  7:12  Zergling x10  
  109  7:23  Centrifical Hooks  
  109  7:27  Zergling x2  
  109  7:28  Zergling x4  
  112  7:30  Zerg Ground Armor Level 2, Zerg Melee Weapons Level 2  
  112  7:33  Baneling x8  
  112  7:34  Spire, Baneling x4  
  112  7:36  Zergling x4  
  112  7:37  Zergling x8  
  117  7:41  Hatchery  
  116  7:44  Overseer  
  116  7:49  Zergling x14  
  123  7:54  Overlord x2  
  123  7:55  Overlord  
  123  7:57  Overseer  
  122  8:09  Zergling x22  
  133  8:13  Baneling x6  
  133  8:14  Baneling x9  
  133  8:19  Zergling x6  
  125  8:22  Zergling x4  
  124  8:31  Drone x11  
  135  8:38  Zergling x4  
  136  8:48  Mutalisk x4  
  136  8:50  Zerg Flyer Weapons Level 1  
  136  8:52  Extractor  
  141  8:59  Mutalisk x3  
  141  9:00  Mutalisk  
  141  9:02  Baneling  
  134  9:11  Mutalisk  
  134  9:14  Drone x3  
  134  9:15  Zergling x22  
  146  9:20  Baneling x4  
  144  9:28  Mutalisk x2  
  144  9:30  Zergling x18  
  157  9:39  Zergling x6  
  157  9:40  Baneling x8  
  153  9:56  Zergling x14  
  156  10:03  Zergling x2  
  156  10:04  Zergling x8  
  159  10:09  Baneling x14  
  159  10:12  Overseer  
  159  10:13  Pneumatized Carapace  
  159  10:15  Overseer  
  159  10:26  Mutalisk x2  
  159  10:27  Mutalisk  
  165  10:32  Overlord x5  
  165  10:33  Overlord  
  165  10:41  Hatchery  
  160  10:55  Spawning Pool  
  160  10:56  Zergling x20  
  160  10:57  Zergling x18  
  170  11:09  Mutalisk x7  
  164  11:34  Mutalisk x3  
  164  11:39  Hatchery  
  168  11:44  Zergling x24  
  168  11:46  Zergling x2  
  168  11:47  Zergling x2  
  176  11:51  Infestation Pit  
  175  11:59  Zergling x10  
  180  12:13  Drone x3  
  180  12:15  Zergling x6  
  186  12:16  Spore Crawler  
  185  12:25  Hatchery  
  185  12:28  Mutalisk x8  
  197  12:32  Overlord x4  
  194  12:55  Baneling x14  
  184  13:09  Zergling x34  
  197  13:21  Zergling x2  
  197  13:22  Zergling x6  
  197  13:25  Hive  
  198  13:45  Hatchery  
  182  13:53  Zergling x2  
  182  13:54  Zergling x46  
  184  14:07  Zergling x22  
  184  14:09  Baneling x14  
Show
View Real Time Build Order
Export as new Build Order

Cuddlebear Terran 

Build Orders: MMM Bio 

Get SALT Encoding   

  12  0:00  SCV  
  13  0:12  SCV  
  14  0:19  Supply Depot  
  14  0:25  SCV  
  15  0:34  Refinery  
  15  0:40  SCV  
  16  0:45  Barracks  
  16  0:52  SCV  
  17  1:02  Barracks  
  17  1:07  SCV  
  18  1:19  SCV  
  19  1:27  Barracks  
  19  1:38  Reaper  
  20  1:52  Orbital Command  
  20  1:55  Reaper  
  21  2:03  Supply Depot  
  21  2:10  Reaper  
  21  2:13  Bunker  
  22  2:16  Reaper  
  23  2:25  SCV  
  23  2:26  Refinery  
  24  2:31  Reaper  
  25  2:37  SCV  
  26  2:44  Bunker  
  26  2:49  SCV  
  26  2:51  Reaper  
  28  2:55  Supply Depot  
  28  3:01  Reaper  
  28  3:02  SCV  
  30  3:08  Reaper  
  31  3:18  Command Center  
  31  3:24  Reaper  
  32  3:29  Bunker  
  32  3:35  Reaper  
  32  3:39  SCV  
  32  3:40  Reaper  
  34  3:51  SCV  
  34  3:53  Supply Depot  
  35  3:56  Reaper  
  35  3:59  Supply Depot  
  36  4:05  SCV  
  36  4:07  Reaper  
  38  4:15  Barracks Tech Lab  
  37  4:24  Command Center  
  37  4:25  SCV  
  39  4:34  Barracks Reactor  
  39  4:35  Marine  
  39  4:36  Stimpack  
  39  4:40  Barracks Reactor  
  39  4:42  SCV  
  40  4:49  Orbital Command  
  40  4:53  Marauder  
  40  4:55  SCV  
  43  5:07  SCV  
  43  5:13  Factory  
  44  5:14  Engineering Bay, Marine  
  44  5:15  SCV  
  44  5:19  SCV  
  47  5:21  Marine  
  47  5:22  Marine  
  47  5:23  Marine  
  50  5:32  Marine, SCV  
  50  5:33  Marine  
  53  5:38  SCV  
  53  5:39  Engineering Bay, Marine, SCV  
  53  5:40  Marine  
  57  5:49  SCV  
  59  5:53  Engineering Bay  
  62  5:58  Starport  
  62  6:01  Marine  
  62  6:02  Factory Reactor, Marine  
  62  6:03  Marine, SCV  
  63  6:04  Marine  
  63  6:07  Terran Infantry Weapons Level 1  
  63  6:12  Orbital Command  
  63  6:15  Marine, SCV  
  65  6:19  Terran Infantry Armor Level 1  
  65  6:21  Refinery  
  65  6:23  Refinery  
  65  6:27  Marine  
  65  6:31  SCV  
  65  6:32  Marine x3  
  68  6:34  Marine  
  68  6:35  SCV  
  68  6:39  Combat Shields  
  72  6:40  SCV  
  72  6:45  Marine  
  74  6:49  SCV x2  
  74  6:50  Marine  
  74  6:52  SCV  
  78  6:56  Marine  
  78  6:57  Marine  
  78  6:58  Factory Reactor, Medivac  
  83  7:01  Medivac, SCV  
  83  7:05  SCV  
  83  7:06  Marine, SCV  
  82  7:10  Marine  
  82  7:13  Supply Depot, SCV  
  82  7:14  Supply Depot  
  79  7:16  Marine  
  79  7:17  Marine, SCV  
  79  7:18  SCV  
  83  7:23  Marine  
  83  7:24  Supply Depot  
  83  7:25  SCV  
  85  7:34  Marine  
  85  7:35  Medivac x2, SCV x2  
  92  7:37  Marine  
  92  7:38  SCV  
  92  7:42  Supply Depot, Widow Mine x2, Marine x3  
  101  7:46  Armory  
  101  7:48  SCV x2  
  103  7:52  Marine  
  103  7:56  SCV  
  105  8:00  SCV x2  
  105  8:04  Marine  
  105  8:05  Medivac x2, Marine x3  
  111  8:08  Barracks  
  111  8:09  Barracks  
  115  8:18  Marine  
  111  8:25  Marine x4  
  112  8:30  SCV x2  
  112  8:33  SCV  
  112  8:34  Barracks  
  115  8:35  Supply Depot  
  115  8:36  Barracks x2, Marine  
  115  8:39  Concussive Shells  
  116  8:42  Marine  
  116  8:45  Widow Mine x2, Marine x2  
  116  8:46  Marauder  
  125  8:56  Medivac x2, Marine  
  125  9:00  Marine  
  131  9:03  Marine x2  
  132  9:12  Marauder  
  132  9:14  Marine  
  132  9:16  Barracks Reactor x2  
  131  9:17  Widow Mine  
  133  9:27  Barracks Tech Lab  
  133  9:28  Barracks Reactor  
  133  9:29  Barracks Tech Lab  
  133  9:30  Supply Depot, Liberator  
  133  9:31  Liberator  
  133  9:33  Widow Mine, Marine x3  
  133  9:34  Supply Depot x2, Marauder  
  133  9:35  Marine  
  141  9:51  Marine  
  134  9:52  Marine  
  134  9:53  Marauder, Marine  
  134  9:54  Marauder  
  134  9:55  Marauder, Marine  
  141  10:00  Marine  
  141  10:02  Marine  
  135  10:11  Marine x2  
  135  10:14  Marauder  
  135  10:15  Marauder, Marine  
  135  10:16  Supply Depot x2, Terran Infantry Weapons Level 2, Command Center, Missile Turret  
  135  10:17  Marauder, Terran Infantry Armor Level 2  
  135  10:19  Missile Turret  
  135  10:20  Missile Turret  
  135  10:21  Marine x2  
  143  10:26  Marine, SCV  
  143  10:27  Marine x2  
  146  10:32  Marine x2  
  140  10:35  Marine  
  140  10:36  Marauder  
  140  10:42  SCV x2  
  142  10:43  Marine  
  142  10:44  Missile Turret  
  142  10:48  Marauder, Marine  
  138  10:52  Marauder, Marine  
  141  10:57  Marine  
  141  10:58  Marauder  
  144  11:05  Marine  
  144  11:08  Marine x2  
  144  11:09  Marine, SCV  
  144  11:10  Marauder  
  145  11:14  Marauder, Marine, Missile Turret  
  148  11:19  SCV x2  
  148  11:21  Marine  
  150  11:30  Marine  
  150  11:31  Marauder, Marine  
  150  11:32  Marauder, Marine  
  145  11:35  Marauder  
  145  11:37  Marine  
  140  11:45  Marine  
  140  11:46  Marine  
  135  11:49  Marine  
  135  11:50  SCV  
  135  11:52  Marauder  
  135  11:53  Marauder, Marine, SCV  
  141  11:55  Marine  
  141  11:57  Marauder  
  141  11:58  SCV  
  141  12:00  SCV  
  144  12:01  Widow Mine  
  144  12:02  Widow Mine, Medivac x2  
  144  12:06  Refinery x2, Marine x2  
  154  12:10  Marine  
  154  12:12  SCV  
  154  12:14  Marauder  
  152  12:16  Marauder, Marine  
  152  12:17  Marine  
  152  12:21  Marine  
  152  12:22  SCV  
  158  12:23  SCV  
  158  12:24  Planetary Fortress  
  158  12:26  Missile Turret  
  158  12:28  Missile Turret  
  158  12:29  Missile Turret  
  158  12:32  Marauder, Marine x2  
  162  12:40  Marine  
  162  12:41  Marauder, Marine  
  166  12:44  Marine  
  166  12:45  Marauder  
  166  12:47  Missile Turret, Marine  
  170  12:55  Marine x2  
  170  12:56  Widow Mine x2, Marauder, Marine  
  170  13:07  Marine  
  170  13:08  Marauder  
  170  13:11  Marauder, Marine  
  167  13:22  Marine  
  167  13:26  Marine x2  
  164  13:27  Widow Mine, Marine x2  
  164  13:28  Widow Mine  
  164  13:29  Marauder  
  164  13:31  Marine  
  164  13:32  Marine  
  168  13:40  Factory  
  148  13:51  Medivac x2  
  128  14:03  Marine x2  
  128  14:04  Marauder  
  128  14:06  Marauder, Marine  
  128  14:09  Marauder, Marine x2  
  122  14:12  Marine  
  122  14:13  SCV x4  
  122  14:14  Marine  
  122  14:15  Marine  
  132  14:18  Supply Depot  
  117  14:35  Unknown x7  
Tags
 
Add a new tag
Caveats
  • Supply blocks, unpowered buildings, or Contaminate may cause inaccurate times.
  • Supply counts are checked every 10 seconds.